 Dungeon Sprint DCSS version 0.30-a0-778-g2ef04afb54 (webtiles) character file.

Game seed: 8577452711331640741

100 BigDaddyOpFi the Trooper (level 4, -7/35 (44) HPs)
             Began as a Draconian Fighter on Feb 15, 2023.
             Was a Believer of Qazlal.
             Mangled by a wight
             ... wielding a +0 scimitar
              (12 damage)
             ... in the Dungeon (Sprint VII: "The Pits").
             The game lasted 00:00:48 (151 turns).

BigDaddyOpFi the Trooper (Draconian Fighter)         Turns: 151, Time: 00:00:48

HP:   -7/35 (44)    AC:  5    Str: 20    XL:     4   Next: 46%
MP:   5/5           EV: 12    Int:  9    God:    Qazlal [**....]
Gold: 0             SH:  8    Dex: 10    Spells: 3/3 levels left

rFire   . . .      SeeInvis .    a - +0 war axe
rCold   . . .      Faith    .    b - +0 buckler
rNeg    . . .      Spirit   .    (body armour unavailable)
rPois   .          Reflect  .    (helmet restricted)
rElec   .          Harm     .    (no cloak)
rCorr   .          Rampage  .    (no gloves)
Will    .....      NoTele   +    (no boots)
Stlth   +                        (no amulet)
HPRegen 0.25/turn                (no ring)
MPRegen 0.09/turn                (no ring)

@: hasted, heavily drained, very quick
A: AC +5, unfitting armour, cold-blooded
a: Renounce Religion, Upheaval


You were in the Dungeon.
You worshipped Qazlal.
Qazlal was pleased with you.
You visited 1 branch

Inventory:

Hand Weapons
 a - a +0 war axe (weapon)
Armour
 b - a +0 buckler (worn)
Scrolls
 i - a scroll of blinking
Potions
 d - 6 potions of curing
 e - 4 potions of heal wounds
 g - 4 potions of magic
 h - 3 potions of berserk rage
 j - 2 potions of invisibility


   Skills:
 + Level 5.6 Fighting
 + Level 4.6 Axes
 + Level 4.7 Dodging
 + Level 5.1 Shields
 * Level 2.5 Invocations


You had 3 spell levels left.
You didn't know any spells.
Your spell library was empty.

Dungeon Overview and Level Annotations

Branches:
Dungeon (1/1)

Altars:
Ashenzari
Cheibriados
Dithmenos
Elyvilon
Fedhas
Gozag
Hepliaklqana
Kikubaaqudgha
Makhleb
Nemelex Xobeh
Okawaru
Qazlal
Ru
Sif Muna
Trog
Uskayaw
Vehumet
Wu Jian
Xom
Yredelemnul
Zin
The Shining One
Jiyva
Lugonu


Innate Abilities, Weirdness & Mutations

Your plain brown scales are hard. (AC +5)
You cannot fit into any form of body armour.
You are cold-blooded and may be slowed by cold attacks.


Message History

A ball python skeleton and 2 wights come into view.
A wight is wielding a +4 dagger of protection.
A wight and a bat skeleton come into view.
The wight moves out of view.
There is an open door here.
You block the wight's attack. The wight closely misses you.
There is an open door here.
You closely miss the wight. You barely miss the wight.
You block the wight's attack.
The wight hits you with a +4 dagger of protection.
You closely miss the wight. You hit the wight. You block the wight's attack.
The wight hits you from afar with a +5 spear!
The wight closely misses you.
You barely miss the wight. You closely miss the wight.
You block the wight's attack. x2; The wight barely misses you.
The wight hits you with a +0 scimitar!
You feel drained. The wight misses you. The wight attacks as you move away!
The wight hits you with a +4 dagger of protection.
You feel drained.
You feel much better. The wight barely misses you.
You completely miss the wight. You block the wight's attack.
You hit the wight.
The wight is moderately damaged.
The wight closely misses you.
You hit the wight but do no damage.
Your tail-slap misses the wight.
The wight is moderately damaged.
You block the wight's attack. The wight hits you with a +0 scimitar!
You feel drained.
The wight hits you from afar with a +5 spear.
You feel drained. The wight hits you with a +0 scimitar!
You feel drained.
You barely miss the wight.
The wight is moderately damaged.
The wight barely misses you. x2
You feel much better. The wight hits you with a +0 scimitar!
You feel drained.
The wight hits you from afar with a +5 spear.
You feel yourself speed up.
The wight hits you from afar with a +5 spear.
* * * LOW HITPOINT WARNING * * *
The wight hits you with a +0 scimitar!
You die...

#'#####'#####.....
#.#.....#[[##.....
#.#.....#))#####'#
#.###'###))##.....
#.#.).†.#))##.....
#.#.....#..##.....
#.####'##'###...<.
#.#........##.....
#@#.....)..##.....
#z###########.....
#zz# ###### #ZZ..
##.#.# .....
.#.#.# ... ..# .#
# .+


You could see 3 wights, a bat skeleton and a ball python skeleton.

Vanquished Creatures
  A scorpion (D)
  A jelly (D)
  An orc (D)
  2 giant cockroaches (D)
  2 kobolds (D)
  2 ball pythons (D)
9 creatures vanquished.

Notes
Turn   | Place    | Note
-------+----------+-------------------------------------------
     0 | D        | BigDaddyOpFi the Draconian Fighter began the quest for the
                  | Orb.
     0 | D        | Reached XP level 1. HP: 19/19 MP: 1/1
    16 | D        | Found a bloodstained altar of Trog.
    16 | D        | Found a shimmering blue altar of Sif Muna.
    16 | D        | Found a viscous altar of Jiyva.
    16 | D        | Found a hazy altar of Hepliaklqana.
    16 | D        | Found an opulent altar of Gozag.
    17 | D        | Found a glowing golden altar of the Shining One.
    17 | D        | Found a glowing silver altar of Zin.
    17 | D        | Found a basalt altar of Yredelemnul.
    17 | D        | Found a shimmering altar of Xom.
    17 | D        | Found an ornate altar of the Wu Jian Council.
    17 | D        | Found a sacrificial altar of Ru.
    17 | D        | Found a stormy altar of Qazlal.
    17 | D        | Found an iron altar of Okawaru.
    17 | D        | Found a sparkling altar of Nemelex Xobeh.
    17 | D        | Found a burning altar of Makhleb.
    17 | D        | Found a blossoming altar of Fedhas.
    17 | D        | Found a white marble altar of Elyvilon.
    17 | D        | Found a shadowy altar of Dithmenos.
    17 | D        | Found a snail-covered altar of Cheibriados.
    18 | D        | Found a radiant altar of Vehumet.
    18 | D        | Found a corrupted altar of Lugonu.
    20 | D        | Found an ancient bone altar of Kikubaaqudgha.
    20 | D        | Found a hide-covered altar of Uskayaw.
    20 | D        | Found a broken altar of Ashenzari.
    37 | D        | Became a worshipper of Qazlal Stormbringer
    62 | D        | Noticed a scorpion
    66 | D        | Killed a scorpion
    67 | D        | Reached skill level 5 in Fighting
    67 | D        | Reached XP level 2. HP: 27/29 MP: 2/2
    67 | D        | Reached XP level 3. HP: 33/36 MP: 3/3
    73 | D        | Reached * piety under Qazlal
    82 | D        | Reached ** piety under Qazlal
    83 | D        | Reached skill level 5 in Shields
    83 | D        | Reached XP level 4. HP: 41/44 MP: 3/5
   151 | D        | Mangled by a wight

Illustrated notes

Levels and vault maps discovered:
D:        pitsprint [storerooms_1, entrance_room_1, metal_vault_7, armoury_1,
          mini_pit_1, grid_room_1, main_hall_1, silver_pit, the_coven_1,
          the_vestibule_1, steel_vault_4, golden_pit, hallway_of_sentries,
          crystal_vault_2, iron_vault_4, final_vault]

Skill      XL: |  1  2  3 |
---------------+----------+-----
Fighting       | 5 |  5.6
Axes           | 4 |  4.6
Dodging        | 4 |  4.7
Shields        | 4 5 |  5.1
Invocations    | 2 |  2.5

Action                     |  1- 3 |  4- 6 || total
---------------------------+-------+-------++-------
  Melee: War axe           |     6 |     9 ||    15
         Tailslap          |     1 |     1 ||     2
    Use: Potion            |     1 |     3 ||     4
 Armour: Skin              |     5 |       ||     5
  Dodge: Dodged            |     4 |    11 ||    15
  Block: Buckler           |     5 |    10 ||    15

Table legend: (Time is in decaauts)
 A = Elapsed time spent in this place.
 B = Non-inter-level travel time spent in this place.
 C = Inter-level travel time spent in this place.
 D = Time resting spent in this place.
 E = Time spent auto-exploring this place.
 F = Levels seen in this place.
 G = Mean time per level.
                   A        B        C        D        E       F      G
               +--------+--------+--------+--------+--------+-----+--------+
         Total |    156 |    137 |     19 |      0 |      0 |   1 |  156.0 |
       Dungeon |    156 |    137 |     19 |      0 |      0 |   1 |  156.0 |
               +--------+--------+--------+--------+--------+-----+--------+

Top non-repeatable levels by time:
       D: 156 daAuts
